 Dungeon Crawl Stone Soup version 0.30.0-18-gc0e69614cb (webtiles) character file.

Game seed: 15889932594007880490

34 FishyPogo the Trooper (level 3, -4/29 HPs)
             Began as a Demonspawn Chaos Knight on May 25, 2023.
             Was a Plaything of Xom.
             Succumbed to Robin's poison
             ... on level 2 of the Dungeon.
             The game lasted 00:07:09 (1148 turns).

FishyPogo the Trooper (Demonspawn Chaos Knight)     Turns: 1148, Time: 00:07:09

Health: -4/29      AC:  7    Str: 14    XL:     3   Next: 14%
Magic:  3/3        EV: 11    Int: 13    God:    Xom [..*...]
Gold:   84         SH:  0    Dex: 12    Spells: 2/2 levels left

rFire   x . .        a - +0 spear (chaos)
rCold   + . .        (no shield)
rNeg    . . .        b - +2 leather armour
rPois   .            h - +0 helmet
rElec   .            (no cloak)
rCorr   .            (no gloves)
SInv    .            e - +0 pair of boots
Will    .....        (no amulet)
Stlth   +            l - ring of ice
HPRegen 0.24/turn    (no ring)
MPRegen 0.16/turn

%: no passive effects
@: mighty, brilliant, lethally poisoned (-4 -> -25), about to teleport
A: powered by death 1, magic regeneration
a: Renounce Religion


You were on level 2 of the Dungeon.
You worshipped Xom.
You were a toy of Xom.
You visited 1 branch of the dungeon, and saw 2 of its levels.

You collected 84 gold pieces.

Inventory:

Hand Weapons
 a - a +0 spear of chaos (weapon)
Missiles
 d - 5 boomerangs
 g - 9 stones
Armour
 b - a +2 leather armour (worn)
 e - a +0 pair of boots (worn)
 h - a +0 helmet (worn)
Jewellery
 l - a ring of ice (left hand)
Scrolls
 k - 2 scrolls of identify {unknown}
Miscellaneous
 c - a piece from Xom's chessboard (9/15) (quivered)


   Skills:
 * Level 3.3 Fighting
 + Level 3.0 Polearms
 * Level 2.2 Armour
 + Level 1.5 Dodging


You had 2 spell levels left.
You didn't know any spells.
Your spell library was empty.

Dungeon Overview and Level Annotations

Branches:
Dungeon (2/15)

Altars:

Annotations:
D:2 Jessica, Robin


Innate Abilities, Weirdness & Mutations

You regenerate a little health from kills.
You regenerate magic rapidly.


Message History

You feel very sick. The hobgoblin attacks as you move away!
The hobgoblin misses you.
You feel very sick.
You hit the hobgoblin. You freeze the hobgoblin.
You kill the hobgoblin!
You feel very sick.
Robin hits you from afar with a +6 spear of venom.
* * * LOW HITPOINT WARNING * * *
* * * LOW HITPOINT WARNING * * *
You feel sick.
It was a potion of heal wounds.
You feel much better.
Xom roars with laughter!
You feel sick. Robin closely misses you.
Okay, then.
You make a move on Xom's chessboard...
Robin resists with significant effort.
You feel sick. Robin closely misses you.
You make a move on Xom's chessboard...
Robin seems to slow down.
You feel sick. Robin hits you but does no damage.
You are more poisoned.
You feel sick.
Robin hits you with a +6 spear of venom!
You are lethally poisoned!
You are too injured to fight recklessly!
Unknown command.
It was a potion of brilliance.
You feel clever all of a sudden.
* * * LOW HITPOINT WARNING * * *
You feel very sick.
It was a potion of might.
You feel very mighty all of a sudden.
Xom roars with laughter!
* * * LOW HITPOINT WARNING * * *
You feel very sick.
Robin hits you with a +6 spear of venom.
* * * LOW HITPOINT WARNING * * *
You are more poisoned.
As you read the scroll labelled ULAUTSA XOLUMI, it crumbles to dust.
You feel strangely unstable.
It was a scroll of teleportation.
You die...
Xom cackles wildly!

########
.##......#
.........#
#..#.###..#
.......<..########
#..#.##.....).@g.#
.......######)#
#......# #)#
######## ##)# #..#
#.## #.# #)#
####.#


You could see Robin (slow).

Vanquished Creatures
  5 bats (D:1)
  A giant cockroach (D:1)
  10 goblins
  4 hobgoblins
  3 ball pythons
  4 frilled lizards (D:1)
  2 kobolds (D:1)
  2 rats (D:1)
31 creatures vanquished.

Vanquished Creatures (collateral kills)
  A goblin (D:2)
1 creature vanquished.

Vanquished Creatures (others)
  A hobgoblin zombie (D:2)
1 creature vanquished.

Grand Total: 33 creatures vanquished

Notes
Turn   | Place    | Note
-------+----------+-------------------------------------------
     0 | D:1      | FishyPogo the Demonspawn Chaos Knight began the quest for
                  | the Orb.
     0 | D:1      | Reached XP level 1. HP: 18/18 MP: 1/1
    24 | D:2      | Noticed Robin
    29 | D:1      | Reached skill level 1 in Dodging
    83 | D:2      | Gained mutation: You regenerate a little health from kills.
                  | [demonic ancestry]
    83 | D:2      | Reached XP level 2. HP: 24/24 MP: 2/2
   192 | D:2      | Noticed Jessica
   193 | D:2      | XOM: potion effect (invisibility)
   259 | D:1      | XOM: 3-stop teleportation journey
   747 | D:1      | XOM: divination: detect items
   784 | D:1      | XOM: cloud trail
  1121 | D:2      | Gained mutation: You regenerate magic rapidly. [demonic
                  | ancestry]
  1121 | D:2      | Reached XP level 3. HP: 29/29 MP: 3/3
  1147 | D:2      | HP: 1/29 [Robin/+6 spear of venom (2)]
  1148 | D:2      | Succumbed to Robin's poison

Illustrated notes

Levels and vault maps discovered:
D:1:      minmay_arrival_up_and_down, layout_basic
D:2:      layout_loops_cross, uniq_jessica, uniq_robin

Skill      XL: |  1  2 |
---------------+-------+-----
Dodging        | 1 |  1.5
Armour         | 2 |  2.2
Polearms       | 3 |  3.0
Fighting       | |  3.3

Action                     || total
---------------------------++-------
  Melee: Spear             ||    85
  Evoke: Piece from Xom's  ||     6
    Use: Potion            ||     3
         Scroll            ||     1
 Armour: Leather armour    ||    25
  Dodge: Dodged            ||    37
